 Dungeon Crawl Stone Soup version 0.20-a0-1006-ge6c5631 (webtiles) character file.

535 M4edhros the Cleaver (level 7, -11/57 HPs)
             Began as a Minotaur Berserker on Apr 14, 2017.
             Was a Believer of Trog.
             Mangled by a two-headed ogre
             ... wielding a +0 giant club
              (12 damage)
             ... on level 8 of the Dungeon.
             The game lasted 00:04:34 (878 turns).

M4edhros the Cleaver (Minotaur Berserker)            Turns: 878, Time: 00:04:34

Health: -11/57     AC:  9    Str: 24    XL:     7   Next: 4%
Magic:  6/6        EV:  9    Int:  4    God:    Trog [**....]
Gold:   110        SH:  0    Dex: 11    Spells: 6/6 levels left

rFire    . . .     SeeInvis .   a - +0 hand axe
rCold    . . .     Gourm    .   (no shield)
rNeg     . . .     Faith    .   k - +0 chain mail
rPois    .         Spirit   .   (helmet restricted)
rElec    .         Reflect  .   (no cloak)
rCorr    .         Harm     .   (no gloves)
MR       .....                  h - +0 pair of boots
Stlth    ..........             (no amulet)
Regen    0.2/turn               g - +2 ring of strength
MPRegen  0.1/turn               (no ring)

@: no status effects
A: retaliatory headbutt, horns 2
a: Berserk, Trog's Hand, Burn Spellbooks, Renounce Religion


You were on level 8 of the Dungeon.
You worshipped Trog.
Trog was pleased with you.
You were not hungry.

You visited 1 branch of the dungeon, and saw 8 of its levels.

You collected 110 gold pieces.

Inventory:

Hand Weapons
 a - a +0 hand axe (weapon)
Armour
 b - a +0 animal skin
 e - a +0 shield
 h - a +0 pair of boots (worn)
 k - a +0 chain mail (worn)
Jewellery
 g - a +2 ring of strength (left hand)
Wands
 j - a wand of digging (4/24)
 l - a wand of paralysis (6/24)
Scrolls
 d - 2 scrolls of magic mapping
 m - a scroll of identify {unknown}
Potions
 i - 2 potions of curing
Comestibles
 c - a bread ration
 f - 4 chunks of flesh


   Skills:
 - Level 3.6 Fighting
 + Level 9.6 Axes
 - Level 2.4 Armour
 - Level 2.1 Dodging


You had 6 spell levels left.
You didn't know any spells.

Dungeon Overview and Level Annotations

Branches:
Dungeon (8/15)
 Temple: D:4-7         Lair: D:8-11

Altars:
Hepliaklqana

Shops:
D:6 ([!

Annotations:
D:3 Sigmund


Innate Abilities, Weirdness & Mutations

You reflexively headbutt those who attack you in melee.
You have a pair of horns on your head.


Message History

The two-headed ogre easily resists.
Evoking this partially-identified wand wasted a few charges.
Evoke which item? (* to show all) (? for menu, Esc to quit)
Aiming: Paralyse (will waste charges)
Press: ? - help, Shift-Dir - straight line, f/p - two-headed ogre
Aim: a two-headed ogre, wielding a giant club and a dire flail (chance to defeat MR: 28%)
The two-headed ogre easily resists.
Evoking this partially-identified wand wasted a few charges.
The two-headed ogre hits you with a giant club!
The two-headed ogre barely misses you.
Evoke which item? (* to show all) (? for menu, Esc to quit)
Aiming: Paralyse (will waste charges)
Press: ? - help, Shift-Dir - straight line, f/p - two-headed ogre
Aim: a two-headed ogre, wielding a giant club and a dire flail (chance to defeat MR: 28%)
The two-headed ogre easily resists.
Evoking this partially-identified wand wasted a few charges.
The two-headed ogre hits you with a giant club!!
* * * LOW HITPOINT WARNING * * *
The two-headed ogre hits you with a dire flail!
You die...

,******............# *,*
,,,,,,,###.###.....# *,*
******,**..,*#.#†#.# *,*
*,,,,..[.#.#.#.###.#
*,,,,...........>..#
*,,,,....###.#...###
*****...####.###.#
******#..Z....# *,#**
*,,,,,......O@#**,,,*
*,****#.####......>.#
*,* *,* #..###...# *,*
*,***#..# *,,##
*,*****,,,,#..#**,,*
*,**,**,**,#...,,,,*
*,*,,,*,**,....,,,,**
****,,,,,,,,,,....,,,,,*
,,,,,,,,,,,,,,,,,,,**,,*


You could see a two-headed ogre and a worker ant zombie.

Vanquished Creatures
  A soldier ant (D:6)
  A black bear (D:7)
  A centaur (D:6)
  The ghost of cirnu the Skirmisher, an amateur VSFi (D:3)
  A hound (D:8)
  An orc wizard (D:6)
  An iguana (D:4)
  3 adders
  4 gnolls (D:7)
  A shadow imp (D:7)
  A worm (D:3)
  2 leopard geckos
  5 orcs
  2 giant cockroaches
  A goblin (D:3)
  A hobgoblin (D:3)
  A quokka (D:7)
  3 bats (D:3)
  A frilled lizard (D:3)
  A kobold (D:3)
  A rat (D:3)
34 creatures vanquished.

Notes
Turn   | Place    | Note
-------+----------+-------------------------------------------
     0 | D:1      | M4edhros the Minotaur Berserker began the quest for the Orb.
     0 | D:1      | Reached XP level 1. HP: 19/19 MP: 0/0
    25 | D:2      | Reached skill level 4 in Axes
    25 | D:2      | Reached XP level 2. HP: 22/26 MP: 1/1
    53 | D:3      | Found a hazy altar of Hepliaklqana.
    77 | D:4      | Noticed a phantom
   107 | D:3      | Reached skill level 5 in Axes
   116 | D:3      | Found a faded altar of an unknown god.
   119 | D:3      | Noticed cirnu's ghost (amateur VSFi)
   124 | D:3      | Reached XP level 3. HP: 8/31 MP: 2/2
   125 | D:3      | Noticed Sigmund
   127 | D:3      | Killed cirnu's ghost
   127 | D:3      | Reached skill level 6 in Axes
   127 | D:3      | Reached XP level 4. HP: 7/39 MP: 3/3
   383 | D:5      | Entered Level 5 of the Dungeon
   394 | D:6      | Noticed a soldier ant
   412 | D:6      | Killed a soldier ant
   412 | D:6      | Reached skill level 7 in Axes
   412 | D:6      | Reached XP level 5. HP: 45/45 MP: 4/4
   422 | D:6      | Found Jimn's Antique Armour Boutique.
   450 | D:6      | Found Banips's Distillery.
   512 | D:6      | Found Onabaove's Weapon Emporium.
   523 | D:6      | Noticed a centaur
   531 | D:6      | Killed a centaur
   531 | D:6      | Reached skill level 8 in Axes
   531 | D:6      | Reached XP level 6. HP: 10/51 MP: 5/5
   590 | D:6      | Reached ** piety under Trog
   713 | D:7      | Reached skill level 9 in Axes
   847 | D:8      | Noticed a water moccasin
   867 | D:8      | Reached XP level 7. HP: 29/57 MP: 6/6
   872 | D:8      | Noticed a two-headed ogre
   878 | D:8      | HP: 1/57 [two-headed ogre/giant club (21)]
   878 | D:8      | Mangled by a two-headed ogre

Vault maps used:
D:1:      zaba_arrival_water, minmay_octomino_j4
D:2:      minivault_11
D:3:      nicolae_overflow_crystal_walls,
          chequers_ecumenical_altar_simple_redux, first_bread, uniq_sigmund,
          uniq_natasha, uniq_crazy_yiuf_cottage
D:4:      minitemple, lemuel_coloured_pillars_altar
D:5:      lemuel_crystal_altar, minmay_temple_entry_hall, uniq_prince_ribbit1
D:6:      lemuel_doored_altar, serial_shops, shop, kennysheep_mini, shop, shop

Skill      XL: |  1  2  3  4  5  6 |
---------------+-------------------+-----
Axes           | 4 5 6 7 8 9 |  9.6
Fighting       | |  3.6
Armour         | |  2.4
Dodging        | |  2.1

Action                   |  1- 3 |  4- 6 |  7- 9 || total
-------------------------+-------+-------+-------++-------
Melee: Hand axe          |    15 |    61 |       ||    76
       Headbutt          |     3 |    15 |       ||    18
Invok: Berserk           |     2 |     6 |       ||     8
       Burn Spellbooks   |       |     1 |       ||     1
Evoke: Wand              |       |       |     3 ||     3
  Use: Potion            |       |     3 |       ||     3
       Scroll            |       |     1 |     1 ||     2
  Eat: Chunk             |       |     3 |       ||     3
       Bread ration      |       |     1 |       ||     1
Armor: Animal skin       |     7 |     5 |       ||    12
       Chain mail        |       |    19 |       ||    19
Dodge: Dodged            |    16 |    38 |     1 ||    55
